 Dungeon Crawl Stone Soup version 0.13.0-27-gc65393c (webtiles) character file.

227 nOtime the Shield-Bearer (level 5, -4/42 HPs)
             Began as a Human Fighter on Nov 2, 2013.
             Slain by an orc
             ... wielding a +1,+1 orcish flail
              (9 damage)
             ... on Level 3 of the Dungeon.
             The game lasted 00:25:44 (1623 turns).

nOtime the Shield-Bearer (Human Fighter)            Turns: 1623, Time: 00:25:44

HP  -4/42        AC  6     Str 17      XL: 5   Next: 13%
MP   4/4         EV  6     Int  8      God:
Gold 118         SH 18     Dex 13      Spells:  0 memorised,  4 levels left

Res.Fire  : . . .   See Invis. : .   a - +0 falchion
Res.Cold  : . . .   Warding    : .   b - +0 scale mail
Life Prot.: . . .   Conserve   : .   c - +0 shield
Res.Poison: .       Res.Corr.  : .   (no helmet)
Res.Elec. : .       Clarity    : +   (no cloak)
Sust.Abil.: . .     Spirit.Shd : .   (no gloves)
Res.Mut.  : .       Stasis     : .   (no boots)
Res.Rott. : .       Flight     : .   h - amulet of clarity {unknown}
Saprovore : . . .                    (no ring)
                                     (no ring)

@: slightly resistant to hostile enchantments, extremely unstealthy
A: no striking features
a: no special abilities


You were on level 3 of the Dungeon.
You were not hungry.

You visited 1 branch of the dungeon, and saw 3 of its levels.

You collected 98 gold pieces.

Inventory:

Hand weapons
 a - a +0,+0 falchion (weapon)
 l - a +2,+0 elven dagger
 o - a +0,+0 sling
 q - a +0,+0 orcish club
 s - a +3,+1 elven short sword
 w - a +0,+0 sling
 z - a -1,+1 orcish dagger
 F - a cursed -3,+0 dagger
 G - a +0,+0 club
 H - a cursed -2,-1 dagger
Missiles
 e - 35 darts (quivered)
 k - 21 bolts
 p - 7 needles of slowing
 A - 47 arrows
 M - 6 stones
Armour
 b - a +0 scale mail (worn)
 c - a +0 shield (worn)
 g - a +0 ring mail
 i - a +0 robe
 r - a +0 leather armour
 t - a +0 large shield
 v - a +0 orcish leather armour
 y - a cursed +0 orcish ring mail
 K - a +0 scale mail
 L - a +0 troll hide
 N - a +0 leather armour
Comestibles
 d - 3 bread rations
 x - a pear
 C - a choko
Scrolls
 j - 2 scrolls of blinking {unknown}
 m - 2 scrolls of curse jewellery {unknown}
 n - 2 scrolls of teleportation {unknown}
 B - a scroll of enchant weapon I {unknown}
 D - a scroll of fear {unknown}
 E - a scroll of enchant armour {unknown}
 I - 4 scrolls of amnesia {unknown}
 J - a scroll of remove curse {unknown}
Jewellery
 h - an amulet of clarity (around neck) {unknown}
Potions
 f - a potion of agility {unknown}
 u - a potion of restore abilities {unknown}


   Skills:
 + Level 3.6 Fighting
 + Level 2.5 Long Blades
 + Level 3.6 Armour
 + Level 1.6 Dodging
 + Level 0.2 Stealth
 + Level 3.7 Shields


You had 4 spell levels left.
You didn't know any spells.

Dungeon Overview and Level Annotations

Branches:
Dungeon (3/27)

Altars:
Elyvilon
Nemelex Xobeh
Sif Muna


Message History

The orc hits you but does no damage.
Your shield and scale mail prevent you from hitting the orc priest.
The orc priest is severely wounded.
You block the orc priest's attack. The orc hits you with an orcish flail.
* * * LOW HITPOINT WARNING * * *
You barely miss the orc priest.
The orc priest is severely wounded.
The orc priest calls upon Beogh to heal the orc.
The orc's wounds heal themselves!
The orc hits you with an orcish flail.
* * * LOW HITPOINT WARNING * * *
You hit the orc priest but do no damage.
The orc priest is severely wounded.
You block the orc priest's attack. You block the orc's attack.
The orc priest hits you.
* * * LOW HITPOINT WARNING * * *
You hit the orc priest.
You kill the orc priest!
You have reached level 5!
The orc hits you with an orcish flail!
You die...

###+###### .........#
##+#### .........####
#.....#
.........'..###.....#
.........##.<##.....#
.........###.##<....#
.........# #..#.....+
########## ##.'..%..#
###.@o..# ####'##
#...# #o### #o. #.o
#.o #.o #..


You could see an orc.

Vanquished Creatures
  An orc priest (D:3)
  Ijyb (D:2)
  3 adders (D:2)
  2 oozes
  An orc (D:3)
  2 ball pythons
  5 goblins
  3 hobgoblins (D:1)
  5 bats
  2 giant geckos (D:1)
  4 giant newts
  5 kobolds
  8 rats
  A butterfly (D:2)
43 creatures vanquished.

Notes
Turn   | Place    | Note
--------------------------------------------------------------
     0 | D:1      | nOtime, the Human Fighter, began the quest for the Orb.
     0 | D:1      | Reached XP level 1. HP: 18/18 MP: 0/0
   243 | D:1      | Reached XP level 2. HP: 22/24 MP: 1/1
   405 | D:1      | Reached skill level 1 in Dodging
   776 | D:2      | Reached XP level 3. HP: 25/30 MP: 2/2
   805 | D:2      | Noticed Ijyb
   838 | D:2      | Killed Ijyb
   838 | D:2      | Reached XP level 4. HP: 19/36 MP: 3/3
   873 | D:2      | Found a white marble altar of Elyvilon.
   874 | D:2      | Found a deep blue altar of Sif Muna.
  1481 | D:2      | Found a sparkling altar of Nemelex Xobeh.
  1623 | D:3      | Reached XP level 5. HP: 5/42 MP: 4/4
  1623 | D:3      | Slain by an orc

Action                   |  1- 3 |  4- 6 || total
-------------------------+-------+-------++-------
Melee: Falchion          |   100 |    78 ||   178
